 Dungeon Crawl Stone Soup version 0.27-a0-1331-g60ef6b6952 (webtiles) character file.

Game seed: 5766358897406971011

255 BlueGoblin the Insei (level 6, -1/30 HPs)
             Began as a Vine Stalker Transmuter on June 25, 2021.
             Slain by an orc (5 damage)
             ... on level 3 of the Dungeon.
             The game lasted 00:08:34 (3583 turns).

BlueGoblin the Insei (Vine Stalker Transmuter)      Turns: 3583, Time: 00:08:35

Health: -1/30      AC:  2    Str: 13    XL:     6   Next: 15%
Magic:  0/12       EV: 12    Int: 15    God:
Gold:   88         SH:  0    Dex: 14    Spells: 6/12 levels left

rFire    . . .     SeeInvis .     - Unarmed
rCold    . . .     Faith    .   (no shield)
rNeg     . . .     Spirit   +   a - +0 robe
rPois    +         Reflect  .   (helmet currently unavailable)
rElec    .         Harm     .   (no cloak)
rCorr    .         Rampage  .   (no gloves)
Will     .....                  (boots currently unavailable)
Stlth    ++........             (no amulet)
HPRegen  1.10/turn              g - ring of poison resistance
MPRegen  0.13/turn              (no ring)

@: appendages (expiring), wereblooded
A: horns 2, talons 2, fangs 2, regeneration 1, magic shield, antimagic bite, no
potion heal 2
a: End Transformation


You were on level 3 of the Dungeon.
You had temporarily grown beastly horns and talons.
You visited 1 branch of the dungeon, and saw 3 of its levels.

You collected 88 gold pieces.

Inventory:

Hand Weapons
 c - a +0 vampiric falchion
 d - a +4 dagger
Armour
 a - a +0 robe (worn)
 e - a +0 leather armour
Jewellery
 g - a ring of poison resistance (left hand)
Scrolls
 f - a scroll of enchant armour {unknown}
Potions
 b - a potion of attraction {unknown}
 h - a potion of curing {unknown}


   Skills:
 + Level 1.2 Fighting
 + Level 2.0 Dodging
 + Level 1.1 Stealth
 + Level 4.2 Unarmed Combat
 + Level 3.8 Spellcasting
 + Level 3.7 Transmutations
 + Level 0.2 Poison Magic


You had 6 spell levels left.
You knew the following spells:

 Your Spells              Type           Power      Damage    Failure   Level
a - Beastly Appendage     Tmut           28%        N/A       4%          1
b - Spider Form           Tmut/Pois      4%         N/A       24%         3
c - Wereblood             Tmut           14%        N/A       6%          2

Your spell library contained the following spells:

 Spells                   Type           Power      Damage    Failure   Level
 Ice Form                 Ice/Tmut       8%         N/A       65%         4


Dungeon Overview and Level Annotations

Branches:
Dungeon (3/15)

Altars:


Innate Abilities, Weirdness & Mutations

You have temporarily grown beastly horns and talons.
You have extremely sharp teeth.
Your natural rate of healing is unusually fast.
When hurt, damage is shared between your health and your magic reserves.
Your bite disrupts and absorbs the magic of your enemies.
Potions cannot restore your health.


Message History

The orc closely misses you.
You hit the orc. Your kick misses the orc. Your headbutt misses the orc.
You punch the orc. Your bite misses the orc.
The orc is almost dead.
You howl as the wereblood boils in your veins!
The ball python bites you but does no damage.
The ball python barely misses you.
You hit the orc.
You feel a bit better.
You kill the orc!
You howl as the wereblood boils in your veins!
The orc hits you with a +0 club. The ball python barely misses you.
The ball python grabs you. The ball python constricts you.
You closely miss the ball python.
The ball python bites you but does no damage.
The ball python constricts you.
You closely miss the ball python.
You howl as the wereblood boils in your veins!
The orc hits you with a +0 flail. The orc hits you with a +0 club.
The orc priest hits you with a +0 flail.
The ball python bites you. The ball python constricts you.
You closely miss the ball python. You bite the ball python.
You drain its power.
You feel invigorated.
The ball python is moderately wounded.
The orc hits you with a +0 club. The ball python barely misses you.
The ball python constricts you.
The orc priest casts a cantrip, but nothing happens.
You barely miss the ball python. You claw the ball python.
You feel a bit better.
You kill the ball python!
The orc hits you with a +0 hand axe. The orc hits you with a +0 flail.
* * * LOW HITPOINT WARNING * * *
The orc hits you with a +0 club.
* * * LOW HITPOINT WARNING * * *
The orc priest begins to cast a cantrip, but forgets the words!
You hit the orc. You claw the orc. You bite the orc.
You feel a bit better.
You kill the orc!
The orc hits you with a +0 hand axe.
* * * LOW HITPOINT WARNING * * *
The orc hits you with a +0 flail!
You die...

#.......#... ..
##)....###.. ..
##.....#...# .###
#........###
...######.......###.
......##...........
..##...........###
###oo...#.....#.##
#.o@).#........(.###
#.#†.##....####.....
# #...#...## ##.###
#...#....## #.###
.....###..## #...#
...### ....# ###..
.. ..###.. ##. . ##
#..# #. ...# ##


You could see an orc priest and 2 orcs.

Vanquished Creatures
  An ice beast (D:3)
  2 orc priests (D:3)
  4 adders
  A dart slug (D:3)
  5 orcs (D:3)
  8 endoplasms
  2 giant cockroaches
  5 goblins
  4 hobgoblins
  8 quokkas
  5 ball pythons
  5 bats
  2 frilled lizards (D:2)
  10 kobolds
  A rat (D:1)
63 creatures vanquished.

Vanquished Creatures (others)
  5 fungi (D:1)
  3 plants (D:1)
8 creatures vanquished.

Grand Total: 71 creatures vanquished

Notes
Turn   | Place    | Note
-------+----------+-------------------------------------------
     0 | D:1      | BlueGoblin the Vine Stalker Transmuter began the quest for
                  | the Orb.
     0 | D:1      | Reached XP level 1. HP: 9/9 MP: 4/4
   246 | D:1      | Reached XP level 2. HP: 14/14 MP: 3/6
   736 | D:1      | Learned a level 2 spell: Wereblood
  1012 | D:1      | Found a faded altar of an unknown god.
  1076 | D:1      | Reached XP level 3. HP: 15/17 MP: 3/7
  1111 | D:1      | Learned a level 3 spell: Spider Form
  2746 | D:2      | Gained mutation: Your natural rate of healing is unusually
                  | fast. [Vine Stalker growth]
  2746 | D:2      | Reached XP level 4. HP: 20/21 MP: 6/9
  3334 | D:3      | Noticed an ice beast
  3344 | D:3      | Reached skill level 1 in Fighting
  3346 | D:3      | Reached XP level 5. HP: 24/25 MP: 5/10
  3352 | D:3      | Killed an ice beast
  3353 | D:3      | Reached skill level 1 in Stealth
  3353 | D:3      | Reached skill level 4 in Unarmed Combat
  3359 | D:3      | Reached XP level 6. HP: 16/30 MP: 2/12
  3583 | D:3      | Slain by an orc

Illustrated notes

Levels and vault maps discovered:
D:1:      dpeg_arrival_tiny_e, layout_basic,
          shapermc_ecumenical_altar_hornbeckon
D:2:      layout_basic, minmay_misc_feat_rugged
D:3:      layout_rooms

Skill      XL: |  1  2  3  4  5 |
---------------+----------------+-----
Transmutations | 3 |  3.7
Spellcasting   | 3 |  3.8
Fighting       | 1 |  1.2
Dodging        | 2 |  2.0
Stealth        | 1 |  1.1
Unarmed Combat | 4 |  4.2
Poison Magic   | |  0.2

Action                   |  1- 3 |  4- 6 || total
-------------------------+-------+-------++-------
Melee: Unarmed           |    96 |    67 ||   163
       Bite              |    18 |    11 ||    29
       Kick              |    19 |    16 ||    35
       Headbutt          |     9 |    11 ||    20
       Punch             |       |     1 ||     1
 Cast: Beastly Appendage |    24 |    11 ||    35
       Wereblood         |     4 |     9 ||    13
       Spider Form       |     1 |       ||     1
  Use: Scroll            |     2 |       ||     2
 Stab: Sleeping          |       |     1 ||     1
Armor: Robe              |    14 |     6 ||    20
Dodge: Dodged            |    56 |    47 ||   103

Table legend: (Time is in decaauts)
 A = Elapsed time spent in this place.
 B = Non-inter-level travel time spent in this place.
 C = Inter-level travel time spent in this place.
 D = Time resting spent in this place.
 E = Time spent auto-exploring this place.
 F = Levels seen in this place.
 G = Mean time per level.
                   A        B        C        D        E       F      G
               +--------+--------+--------+--------+--------+-----+--------+
         Total |   3574 |   3523 |     51 |   1273 |   1747 |   3 | 1191.3 |
       Dungeon |   3574 |   3523 |     51 |   1273 |   1747 |   3 | 1191.3 |
               +--------+--------+--------+--------+--------+-----+--------+

Top non-repeatable levels by time:
     D:1: 1752 daAuts
     D:2: 1415 daAuts
     D:3: 406 daAuts
